 Dungeon Crawl Stone Soup version 0.26-a0-663-g36e8fdb655 (webtiles) character file.

Game seed: 12145636114809267342

2 flotson the Sneak (level 1, -6/13 HPs)
             Began as a Vampire Delver on Oct 10, 2020.
             Mangled by an ogre
             ... wielding a +0 giant club
              (19 damage)
             ... on level 5 of the Dungeon.
             The game lasted 00:00:14 (310 turns).

flotson the Sneak (Vampire Delver)                   Turns: 310, Time: 00:00:14

Health: -6/13      AC:  3    Str: 11    XL:     1   Next: 25%
Magic:  1/1        EV: 12    Int: 12    God:
Gold:   12         SH:  0    Dex: 15    Spells: 0/0 levels left

rFire    . . .     SeeInvis +     - Unarmed
rCold    + + .     Faith    .   (no shield)
rNeg     + + +     Spirit   .   a - +0 leather armour
rPois    ∞         Reflect  .   (no helmet)
rElec    .         Harm     .   (no cloak)
rCorr    .         Rampage  .   (no gloves)
MR       .....                  (no boots)
Stlth    +++++.....             (no amulet)
HPRegen  0.00/turn              (no ring)
MPRegen  0.07/turn              (no ring)

@: bloodless
A: fangs 3, see invisible, unbreathing
a: Revivify


You were on level 5 of the Dungeon.
You visited 1 branch of the dungeon, and saw 1 of its levels.

You collected 12 gold pieces.

Inventory:

Armour
 a - a +0 leather armour (worn)
Wands
 f - a wand of digging (3)
Scrolls
 b - a scroll of fog
 c - a scroll of magic mapping
 d - 2 scrolls of fear
 i - 2 scrolls of identify {unknown}
 j - a scroll of noise {unknown}
Potions
 e - a potion of haste
 g - a potion of mutation {unknown}
 h - a potion of might {unknown}


   Skills:
 + Level 2.6 Fighting
 + Level 2.1 Dodging
 + Level 7.4 Stealth
 + Level 2.1 Unarmed Combat


You couldn't memorise any spells.
You didn't know any spells.
Your spell library was empty.

Dungeon Overview and Level Annotations

Branches:
Dungeon (5/15)
 Temple: D:4-7

Altars:


Innate Abilities, Weirdness & Mutations

You do not regenerate when monsters are visible.
You are frail without blood (-20% HP).
You can heal yourself when you bite living creatures.
You are immune to poison.
You have razor-sharp teeth.
You have supernaturally acute eyesight. (SInv)
You can survive without breathing.


Message History

You are too injured to fight recklessly!
You are too injured to fight recklessly!
You are too injured to fight recklessly!
You are too injured to fight recklessly!
You are too injured to fight recklessly!
You are too injured to fight recklessly!
You hit the leopard gecko.
You kill the leopard gecko!
You see here a leopard gecko corpse.
HP restored.
You see here a leopard gecko corpse.
i - a scroll labeled EVISMI GUSHRE You see here a leopard gecko corpse.
j - a scroll labeled EROPUE DOMNOIN
i - 2 scrolls labeled EVISMI GUSHRE (gained 1)
An ogre comes into view. It is wielding a +0 giant club.
The ogre shouts!
The ogre hits you with a +0 giant club!!
Ouch! That really hurt!
You die...

#.......#...#
#.#######...#
#.#.....#...#
#.#.###.#...####
#.#.# #........#
#.#.# ####.###.#
#.#.# #...#.#
#.#.# ###.#.#
#.#@# ###.#.#
#.#O# #...#.#
### #.#.#
#.###.#
###+####§# #.#..
#.# #.#
§≈≈.§§§§≈###
#.##### #.# #.#
# #..#.§§§.#
#.....# #.###.#
###..#.###.#
#####.# #.....#
....>#.# #.# #.#
####### ######.#
#.#######.#


You could see an ogre.

Vanquished Creatures
  A leopard gecko (D:5)
1 creature vanquished.

Notes
Turn   | Place    | Note
-------+----------+-------------------------------------------
     0 | D:5      | flotson the Vampire Delver began the quest for the Orb.
     0 | D:5      | Reached XP level 1. HP: 17/17 MP: 1/1
   305 | D:5      | Noticed an ogre
   310 | D:5      | Mangled by an ogre

Illustrated notes

Levels and vault maps discovered:
D:5:      layout_basic, nicolae_gozag_cash_rules_everything_around_me,
          lightli_temple_of_fire, nicolae_dithmenos_the_darkroom,
          kennysheep_mini_moat

Action                   || total
-------------------------++-------
Melee: Unarmed           ||     6
 Abil: Exsanguinate      ||     1
 Stab: Sleeping          ||     1
Dodge: Dodged            ||     3

Table legend: (Time is in decaauts)
 A = Elapsed time spent in this place.
 B = Non-inter-level travel time spent in this place.
 C = Inter-level travel time spent in this place.
 D = Time resting spent in this place.
 E = Time spent auto-exploring this place.
 F = Levels seen in this place.
 G = Mean time per level.
                   A        B        C        D        E       F      G
               +--------+--------+--------+--------+--------+-----+--------+
         Total |    309 |    309 |      0 |      0 |    284 |   1 |  309.0 |
       Dungeon |    309 |    309 |      0 |      0 |    284 |   1 |  309.0 |
               +--------+--------+--------+--------+--------+-----+--------+

Top non-repeatable levels by time:
     D:5: 309 daAuts
